 Dungeon Crawl Stone Soup version 0.28.0-62-gf88900778d (webtiles) character file.

Game seed: 6598995949256971448

102 hikkokomori the Conjurer (level 4, -1/42 HPs)
             Began as an Ogre Conjurer on Feb 27, 2023.
             Slain by Pargi (4 damage)
             ... in a sewer on Mar 12, 2023.
             The game lasted 00:07:00 (3203 turns).

hikkokomori the Conjurer (Ogre Conjurer)            Turns: 3203, Time: 00:07:01

Health: -1/42      AC:  3    Str: 11    XL:     4   Next: 77%
Magic:  7/7        EV:  9    Int: 27    God:
Gold:   89         SH:  0    Dex:  7    Spells: 7/8 levels left

rFire   . . .      SeeInvis .   o - +3 scythe (venom)
rCold   . . .      Faith    .   (shield currently unavailable)
rNeg    . . .      Spirit   .   a - +0 robe
rPois   .          Reflect  .   (helmet restricted)
rElec   .          Harm     .   (no cloak)
rCorr   .          Rampage  .   (gloves unavailable)
Will    .....                   (boots unavailable)
Stlth   ++........              (no amulet)
HPRegen 0.14/turn               l - +6 ring of intelligence
MPRegen 0.10/turn               (no ring)

@: very slow
A: large, unfitting armour, tough skin 1
a: no special abilities


You were in a sewer.
You visited 1 branch of the dungeon, and saw 3 of its levels.
You also visited: Sewer.

You collected 89 gold pieces.

Inventory:

Hand Weapons
 b - a +0 spear
 c - a +0 dagger
 m - a +0 club
 o - a +3 scythe of venom (weapon)
Missiles
 k - 5 javelins
Armour
 a - a +0 robe (worn)
Jewellery
 l - a +6 ring of intelligence (left hand)
Wands
 j - a wand of polymorph (4)
Scrolls
 i - a scroll of enchant weapon
Potions
 h - a potion of heal wounds


   Skills:
 + Level 2.3 Fighting
 + Level 0.2 Polearms
 + Level 2.5 Dodging
 + Level 2.2 Stealth
 - Level 2.5 Spellcasting
 + Level 4.1 Conjurations


You had 7 spell levels left.
You knew the following spells:

 Your Spells              Type           Power      Damage    Failure   Level
a - Magic Dart            Conj           100%       1d8       1%          1

Your spell library contained the following spells:

 Spells                   Type           Power      Damage    Failure   Level
 Searing Ray              Conj           50%        2d6       2%          2
 Freeze                   Ice            12%        1d4       10%         1
 Dazzling Flash           Conj/Hex       28%        N/A       12%         3
 Frozen Ramparts          Ice            6%         1d2       28%         3
 Fulminant Prism          Conj/Hex       7%         3d7       36%         4
 Hailstorm                Conj/Ice       14%        3d5       36%         4
 Iskenderun's Mystic Bla  Conj/Tloc      14%        2d5       36%         4


Dungeon Overview and Level Annotations

Branches:
Dungeon (3/15)              Sewer (1/1)

Altars:

Shops:
D:1 :

Annotations:
Sewer Pargi


Innate Abilities, Weirdness & Mutations

You are too large for most types of armour.
You have tough skin. (AC +1)


Message History

You're too confused to aim your attacks!
You are too confused!
You bump into the rock wall.
Pargi bites you. Pargi claws you but does no damage. Pargi closely misses you.
You bump into the rock wall.
Pargi bites you. Pargi claws you. Pargi closely misses you.
You closely miss Pargi. Pargi closely misses you. Pargi claws you. x2
Pargi closely misses you. Pargi completely misses you. Pargi barely misses you.
You bump into the stone wall.
You feel less invigorated.
You feel less confused. Pargi misses you. Pargi barely misses you.
Pargi closely misses you.
You completely miss Pargi. Pargi barely misses you. Pargi claws you. x2
Pargi bites you but does no damage. Pargi barely misses you. Pargi claws you.
You closely miss Pargi. Pargi bites you. Pargi closely misses you.
Pargi barely misses you.
Pargi snarls, "My home!
Leave!"
Pargi bites you. Pargi closely misses you. Pargi claws you.
It was a potion of curing.
You feel better. Pargi bites you! Pargi claws you.
Pargi claws you but does no damage.
Reach: o) +3 scythe (venom)
Press: ? - help, Dir - move target, f/p - Pargi
Aim: Pargi (about 66% to evade your +3 scythe of venom)
You closely miss Pargi.
Pargi hisses menacingly.
Pargi bites you!
* * * LOW HITPOINT WARNING * * *
Pargi barely misses you. x2; Pargi closely misses you.
Pargi claws you but does no damage. Pargi closely misses you.
Press: ? - help, v - describe, . - travel
Here: Pargi Some shallow water.
Unknown command.
You enter the shallow water.
Moving in this stuff is going to be slow.
Pargi bites you.
* * * LOW HITPOINT WARNING * * *
Pargi closely misses you. x2; Pargi bites you.
* * * LOW HITPOINT WARNING * * *
Pargi claws you.
You die...

≈≈≈≈≈≈≈≈≈#
≈≈≈≈≈≈≈≈≈
.≈≈≈≈≈≈≈≈≈
.≈≈≈≈≈≈≈≈≈
#.≈≈≈≈≈≈≈≈
#######≈≈≈≈≈≈≈≈#
≈.≈.T.≈≈≈≈≈≈≈≈≈≈
##T≈≈≈≈≈≈≈#
#.@≈≈≈≈≈≈≈≈
###.≈≈≈≈≈≈#
###≈≈≈≈≈≈≈≈ ###
##..≈≈≈≈≈≈≈≈ #.#
#.≈≈≈≈≈≈≈≈≈# #.##
###.≈≈≈≈≈≈≈≈≈≈ .≈.#
##≈≈≈≈≈≈≈≈≈≈≈≈≈
≈≈.##
###.≈≈≈≈≈≈≈≈≈≈≈≈≈
≈≈..#
###..≈≈≈≈≈≈≈≈≈≈≈≈≈#


You could see Pargi.

Vanquished Creatures
  Jessica (D:2)
  3 adders
  A dart slug (D:1)
  4 endoplasms (D:1)
  6 giant cockroaches
  2 goblins
  2 hobgoblins (D:2)
  2 jackals (D:2)
  4 kobolds
  2 quokkas
  6 ball pythons
  4 bats
  3 frilled lizards (Sewer)
  8 rats
48 creatures vanquished.

Notes
Turn   | Place    | Note
-------+----------+-------------------------------------------
     0 | D:1      | hikkokomori the Ogre Conjurer began the quest for the Orb.
     0 | D:1      | Reached XP level 1. HP: 16/16 MP: 3/3
   726 | D:1      | Reached XP level 2. HP: 24/24 MP: 5/5
   994 | D:1      | Reached skill level 1 in Fighting
  1087 | D:1      | Reached XP level 3. HP: 27/33 MP: 6/6
  1403 | D:1      | Found Veloynupp's Book Shop.
  1809 | D:2      | Noticed Jessica
  1817 | D:2      | Killed Jessica
  1818 | D:2      | Reached skill level 4 in Conjurations
  1818 | D:2      | Reached XP level 4. HP: 30/42 MP: 2/7
  1904 | D:2      | Found a faded altar of an unknown god.
  2820 | D:2      | Noticed Sigmund
  2856 | D:2      | Noticed Sigmund
  2856 | D:2      | Sigmund changed into Sigmund the giant cockroach
  2858 | D:2      | Killed Sigmund the giant cockroach
  3080 | D:3      | Found a glowing drain.
  3083 | Sewer    | Entered a sewer
  3185 | Sewer    | Noticed Pargi
  3192 | Sewer    | HP: 2/42 [Pargi (4)]
  3203 | Sewer    | Slain by Pargi

Illustrated notes

Levels and vault maps discovered:
D:1:      ebering_trefoil_3fold, layout_basic, serial_shops,
          nicolae_lakefront_shop, minmay_heptomino_l4
D:2:      kennysheep_big_flooded_room, layout_basic,
          shapermc_ecumenical_altar_hornbeckon, uniq_jessica, uniq_sigmund
D:3:      layout_basic, kennysheep_okawaru_gauntlet, serial_curves,
          eino_curves_03, eino_curves_04, cheibrodos_sewer_entry_drain,
          uniq_terence
Sewer:    sewer_co_pargi_island

Skill      XL: |  1  2  3 |
---------------+----------+-----
Dodging        | 2 |  2.5
Fighting       | 1 2 |  2.3
Stealth        | 2 |  2.2
Conjurations   | 4 |  4.1
Polearms       | |  0.2
Spellcasting   | |  2.5

Action                   |  1- 3 |  4- 6 || total
-------------------------+-------+-------++-------
Melee: Spear             |    85 |    29 ||   114
       Punch             |     2 |     1 ||     3
       Scythe            |       |    10 ||    10
 Cast: Magic Dart        |     9 |    31 ||    40
Evoke: Wand              |       |     1 ||     1
  Use: Scroll            |       |     4 ||     4
       Potion            |       |     3 ||     3
 Stab: Sleeping          |     2 |     2 ||     4
Armor: Robe              |    20 |    17 ||    37
Dodge: Dodged            |    34 |    54 ||    88
